AoeStats
← Marts

MegaRandom

507990817Analyzed
3v3 RM · 13d ago on Sep 20, 2026· 24m 58s· 6 players
Game mode
Random Map
Map size
Normal (6 player)
Population
200
Speed
Normal
Resources
Standard
Victory
Conquest
Starting age
Dark Age
Ending age
Imperial Age
RankedLock teamsTeams togetherTeam positionsShared explorationLock speedFull tech treeHidden civsTurbo modeCheats
Victory
Defeat
🇫🇷 Chinese · France
1441
+14
🇺🇸 Bulgarians · United States
1379
+17
🇵🇪 Dravidians · Peru
1369
+18
🇫🇷 Mongols · France
1413
-17
🇫🇷 Saracens · France
1390
-16
🇧🇾 Magyars · Belarus
1388
-16
Zozénia
7:05 Loom
9:44 Feudal Age
20:08 Fletching
ip_lucas
10:41 Feudal Age
9:47 Loom
11:50 Double-Bit Axe
11:46 Horse Collar
14:40 Castle Age
15:35 Scale Barding Armor
16:12 Bow Saw
17:46 Heavy Plow
22:25 Wheelbarrow
24:08 Hand Cart
25:26 Bloodlines
25:17 Husbandry
HURMA
2:28 Loom
10:51 Feudal Age
15:19 Castle Age
16:37 Wheelbarrow
18:44 Horse Collar
23:09 Scale Barding Armor
Marts
0:26 Loom
10:06 Feudal Age
11:01 Double-Bit Axe
14:40 Town Watch
16:04 Fletching
21:28 Castle Age
19:59 Padded Archer Armor
20:19 Gold Mining
21:38 Crossbowman
22:14 Bodkin Arrow
24:04 Horse Collar
JAGR | Rojnar
6:37 Loom
9:02 Feudal Age
9:30 Double-Bit Axe
9:29 Man-at-Arms
17:31 Fletching
23:46 Castle Age
22:12 Gold Mining
22:57 Horse Collar
23:18 Padded Archer Armor
24:13 Crossbowman
25:08 Bodkin Arrow
genghis bong
7:14 Loom
9:27 Feudal Age
10:06 Double-Bit Axe
10:03 Horse Collar
20:07 Castle Age
18:36 Scale Barding Armor
18:55 Forging
18:45 Gold Mining
19:40 Bloodlines
23:48 Chain Barding Armor
24:44 Bow Saw
25:23 Iron Casting
Connection lost

Rejoining the realm…

Still unreachable

The connection could not be restored.

Session expired

The server has moved on; the page needs a fresh start.